[Event "Fagernes Open 2019"]
[Site "Fagernes"]
[Date "2019.04.18"]
[Round "1"]
[White "Lobersli, Henrik Oie"]
[Black "Lye, Sverre"]
[Result "1/2-1/2"]
[ECO "D78"]
[WhiteElo "2102"]
[BlackElo "1645"]
[Annotator "NA"]
[PlyCount "85"]
[EventDate "2019.04.14"]
[EventType "swiss"]
[EventCountry "NOR"]
[SourceTitle "playchess.com"]
[Source "ChessBase"]
[SourceQuality "1"]
[TimeControl "40/7200:3600"]

1. d4 Nf6 2. c4 g6 3. Nf3 Bg7 4. g3 O-O 5. Bg2 c6 6. O-O d5 7. b3 Bf5 8. Bb2 Nbd7 9. Nc3 Nb6 10. Nd2 Rc8 11. Rc1 Bh6 12. cxd5 cxd5 13. e3 a6 14. Nf3 Qd6 15. Ne5 Rc7 16. Qe2 Rfc8 17. Nd3 Nfd7 18. Nb1 Rxc1 19. Rxc1 Rxc1+ 20. Bxc1 Qc6 21. Ba3 Qb5 22. Bf1 Qxd3 23. Qxd3 Bxd3 24. Bxd3 Bf8 25. Kf1 e6 26. Bxf8 Kxf8 27. Ke2 Ke7 28. Nd2 f6 29. Bc2 Kd6 30. Kd3 f5 31. f3 Nf6 32. e4 dxe4+ 33. fxe4 fxe4+ 34. Nxe4+ Nxe4 35. Kxe4 Nd5 36. a3 g5 37. b4 Nf6+ 38. Kf3 h6 39. h4 b6 40. hxg5 hxg5 41. Bd3 a5 42. bxa5 bxa5 43. Bc4 1/2-1/2

[Event "Fagernes Open 2019"]
[Site "Fagernes"]
[Date "2019.04.18"]
[Round "1"]
[White "Shehzad, Shazil"]
[Black "Granum, Roger"]
[Result "1-0"]
[ECO "B30"]
[WhiteElo "2024"]
[BlackElo "1628"]
[Annotator "NA"]
[PlyCount "51"]
[EventDate "2019.04.14"]
[EventType "swiss"]
[EventCountry "NOR"]
[SourceTitle "playchess.com"]
[Source "ChessBase"]
[SourceQuality "1"]
[TimeControl "40/7200:3600"]

1. e4 c5 2. Nf3 Nc6 3. Bb5 Qc7 4. O-O e6 5. c3 Be7 6. d4 cxd4 7. cxd4 Nf6 8. d5 Ne5 9. Bf4 Nxf3+ 10. Qxf3 e5 11. Be3 O-O 12. Rc1 Qd8 13. a4 d6 14. a5 Bd7 15. Bxd7 Qxd7 16. Nc3 Ng4 17. Bd2 Rac8 18. h3 Nf6 19. Qd3 a6 20. b4 Nh5 21. Be3 f5 22. exf5 Rxf5 23. g4 Nf4 24. Qxf5 Qxf5 25. gxf5 Rxc3 26. Bxf4 1-0

[Event "Fagernes Open 2019"]
[Site "Fagernes"]
[Date "2019.04.18"]
[Round "1"]
[White "Yilmaz, Kazim"]
[Black "Loberg, Jo Kristian"]
[Result "1/2-1/2"]
[ECO "B90"]
[WhiteElo "1641"]
[BlackElo "2045"]
[Annotator "NA"]
[PlyCount "124"]
[EventDate "2019.04.14"]
[EventType "swiss"]
[EventCountry "NOR"]
[SourceTitle "playchess.com"]
[Source "ChessBase"]
[SourceQuality "1"]
[TimeControl "40/7200:3600"]

1. e4 c5 2. Nf3 d6 3. Nc3 Nf6 4. d4 cxd4 5. Nxd4 a6 6. Bd3 g6 7. O-O Bg7 8. Nb3 O-O 9. Bf4 Nc6 10. Qd2 Re8 11. Bh6 Bh8 12. h3 d5 13. exd5 Nxd5 14. Nxd5 Qxd5 15. c3 Ne5 16. Be2 Qxd2 17. Bxd2 Be6 18. Bf4 Nc4 19. Bxc4 Bxc4 20. Rfd1 b5 21. Be3 b4 22. cxb4 Bxb2 23. Rab1 Bxb3 24. axb3 Bc3 25. Bc5 Rab8 26. Rd7 Bxb4 27. Bxb4 Rxb4 28. Ra7 Rb6 29. Ra1 Rxb3 30. R7xa6 Rc8 31. Ra8 Rxa8 32. Rxa8+ Kg7 33. Ra7 e6 34. g3 h5 35. h4 Rf3 36. Kg2 Rf5 37. Rb7 Kh6 38. Rb8 f6 39. Rb6 e5 40. Ra6 Kg7 41. Ra7+ Kg8 42. Ra8+ Kf7 43. Ra7+ Ke6 44. Rg7 g5 45. hxg5 fxg5 46. f3 Kd5 47. g4 hxg4 48. fxg4 Rf8 49. Rxg5 Kd4 50. Rg7 e4 51. Re7 Kd3 52. Kg3 e3 53. g5 e2 54. Kg4 Rf1 55. g6 e1=Q 56. Rxe1 Rxe1 57. Kf5 Re8 58. Kf6 Ke4 59. Kf7 Ra8 60. g7 Kf5 61. g8=Q Rxg8 62. Kxg8 Ke5 1/2-1/2

[Event "Fagernes Open 2019"]
[Site "Fagernes"]
[Date "2019.04.18"]
[Round "1"]
[White "Khoo-Thwe, Louis"]
[Black "Rasmussen, Jonas H"]
[Result "0-1"]
[ECO "C54"]
[WhiteElo "1627"]
[BlackElo "1993"]
[Annotator "NA"]
[PlyCount "118"]
[EventDate "2019.04.14"]
[EventType "swiss"]
[EventCountry "NOR"]
[SourceTitle "playchess.com"]
[Source "ChessBase"]
[SourceQuality "1"]
[TimeControl "40/7200:3600"]

1. e4 e5 2. Nf3 Nc6 3. Bc4 Bc5 4. O-O Nf6 5. d3 h6 6. c3 d6 7. a4 a6 8. b4 Ba7 9. b5 Na5 10. Na3 Nxc4 11. Nxc4 axb5 12. axb5 Bxf2+ 13. Rxf2 Rxa1 14. Na3 Bg4 15. Qc2 Qa8 16. Qb2 Rxc1+ 17. Qxc1 Bxf3 18. Rxf3 Qa7+ 19. Kh1 O-O 20. Nc4 Ra8 21. b6 cxb6 22. Nxd6 Qa1 23. Rf1 Qxc1 24. Rxc1 Rd8 25. Nc4 Rxd3 26. Nxe5 Rd8 27. Nc4 Nxe4 28. Nxb6 Nxc3 29. h3 Rd1+ 30. Rxd1 Nxd1 31. Kg1 Kf8 32. Nd5 Ke8 33. Kf1 Kd7 34. Ke2 Kd6 35. Nb6 Nc3+ 36. Kd3 Nd5 37. Nc4+ Kc5 38. Na5 b6 39. Nb7+ Kc6 40. Nd8+ Kd7 41. Nxf7 Nf4+ 42. Kc4 Nxg2 43. Kb5 Kc7 44. Ne5 Nf4 45. h4 g5 46. hxg5 hxg5 47. Kc4 Nh5 48. Kd4 Nf6 49. Nc4 b5 50. Ne3 Kc6 51. Ke5 b4 52. Nc2 Kc5 53. Kxf6 b3 54. Ne1 g4 55. Ke5 g3 56. Nd3+ Kb5 57. Nf4 b2 58. Ne2 g2 59. Nd4+ Ka6 0-1

[Event "Fagernes Open 2019"]
[Site "Fagernes"]
[Date "2019.04.15"]
[Round "2.27"]
[White "Flatebo, Hallvard Haug"]
[Black "Shehzad, Shazil"]
[Result "1/2-1/2"]
[ECO "A57"]
[WhiteElo "1801"]
[BlackElo "2024"]
[Annotator "NA"]
[PlyCount "102"]
[EventDate "2019.04.14"]
[EventType "swiss"]
[EventCountry "NOR"]
[SourceTitle "playchess.com"]
[Source "ChessBase"]
[SourceQuality "1"]
[TimeControl "40/7200:3600"]

1. d4 Nf6 2. c4 c5 3. d5 b5 4. cxb5 a6 5. e3 axb5 6. Bxb5 Bb7 7. Nc3 Qa5 8. Bd2 Qb6 9. a4 {[%emt 0:00:00] A57: Benko/Volga Gambit} Nxd5 10. Nf3 Nxc3 (10... Qg6 11. O-O e6 12. a5 Nc7 13. e4 Nxb5 14. Nxb5 Na6 15. Re1 f6 16. Nh4 Qf7 17. Qb3 {1-0 (27) Adhiban,B (2650)-Ramirez Alvarez,A (2568) Reykjavik 2018}) 11. Bxc3 Bc6 $146 ({Predecessor:} 11... Ba6 12. O-O Bxb5 13. Qb3 e6 14. axb5 Rxa1 15. Rxa1 f6 16. Nd2 d5 {1-0 (43) Farago,I (2500)-Pijpers,A (2338) Deizisau 2012}) 12. Bxc6 Nxc6 13. O-O d6 14. Qd2 e5 15. Qd5 Be7 16. Nd2 O-O 17. Nc4 Qc7 18. Rfd1 Rfd8 19. a5 Bf8 20. Qf3 Rab8 21. Nb6 Ne7 22. Nd5 Nxd5 23. Qxd5 Rdc8 24. Qc4 Qc6 25. e4 $14 Rc7 26. g3 Rcb7 27. Rd2 h5 28. Qe2 g6 29. Rad1 Qc8 30. Rd3 Qe6 31. Rf1 Re8 32. Rdd1 Rd7 33. Qf3 Qc4 34. Qd3 Qb3 35. Qd5 Qc2 36. Qc6 Rdd8 37. a6 Rc8 38. Qd5 Qe2 39. Ra1 Qf3 40. Ra3 Qg4 41. Kg2 Ra8 42. f3 Qd7 43. f4 exf4 44. Rxf4 Qe6 45. Kf2 Ra7 46. Qc6 Rc8 47. Qa4 d5 48. exd5 Qxd5 49. Qe4 Qxe4 50. Rxe4 c4 51. Ra4 Rc6 1/2-1/2

[Event "Fagernes Open 2019"]
[Site "Fagernes"]
[Date "2019.04.15"]
[Round "2.28"]
[White "Rasmussen, Jonas H"]
[Black "Orban, Tiberiu"]
[Result "1-0"]
[ECO "D79"]
[WhiteElo "1993"]
[BlackElo "1817"]
[Annotator "NA"]
[PlyCount "101"]
[EventDate "2019.04.14"]
[EventType "swiss"]
[EventCountry "NOR"]
[SourceTitle "playchess.com"]
[Source "ChessBase"]
[SourceQuality "1"]
[TimeControl "40/7200:3600"]

1. d4 d5 2. Nf3 Nf6 3. g3 g6 4. Bg2 Bg7 5. O-O O-O 6. c4 c6 7. cxd5 cxd5 8. Ne5 Nc6 9. Nc3 e6 10. Nxc6 bxc6 11. Na4 Nd7 12. Rb1 Re8 13. e4 Ba6 14. Re1 Rc8 15. Be3 Bf8 16. Qd2 Bb5 17. Nc3 Nb6 18. exd5 Nc4 19. Qc1 Nxe3 20. Qxe3 Bb4 21. dxc6 Bxc6 22. Bxc6 Rxc6 23. a3 Bxc3 24. bxc3 Qd5 25. Rec1 Rec8 26. Rc2 Kg7 27. Rbc1 Qb3 28. c4 Qb8 29. Qd3 Qd6 30. Rd2 R8c7 31. Qb3 Rb6 32. Qc3 Qe7 33. d5+ Qf6 34. d6 Qxc3 35. Rxc3 Rd7 36. c5 Rc6 37. Kg2 f6 38. Rb2 Kh6 39. Rbb3 e5 40. a4 f5 41. a5 e4 42. a6 g5 43. Rb7 Rdxd6 44. cxd6 Rxc3 45. d7 Rd3 46. Rxa7 Rd2 47. Rb7 e3 48. a7 Rxf2+ 49. Kg1 Rd2 50. a8=Q Rd1+ 51. Kg2 1-0

[Event "Fagernes Open 2019"]
[Site "Fagernes"]
[Date "2019.04.15"]
[Round "2.29"]
[White "Svenske, Jan"]
[Black "Melaa, Sondre"]
[Result "1/2-1/2"]
[ECO "D37"]
[WhiteElo "1781"]
[BlackElo "1991"]
[Annotator "NA"]
[PlyCount "107"]
[EventDate "2019.04.14"]
[EventType "swiss"]
[EventCountry "NOR"]
[SourceTitle "playchess.com"]
[Source "ChessBase"]
[SourceQuality "1"]
[TimeControl "40/7200:3600"]

1. d4 d5 2. c4 e6 3. Nc3 Nf6 4. e3 Be7 5. Nf3 O-O 6. Bd3 dxc4 7. Bxc4 a6 8. O-O b5 9. Bd3 c5 10. dxc5 Bxc5 11. Qe2 Qe7 12. e4 e5 13. Bg5 Nbd7 14. Nd5 Qd6 15. Rfd1 Nxd5 16. exd5 f5 17. Bc2 e4 18. Nd4 Ne5 19. Rac1 Bxd4 20. Rxd4 Qg6 21. Qe3 f4 22. Qxe4 Qxg5 23. Qxh7+ Kf7 24. Rdd1 Bg4 25. h4 Qh6 26. Re1 Qxh7 27. Bxh7 Nd7 28. f3 Nf6 29. fxg4 Nxh7 30. Rc7+ Kg6 31. Ree7 Rg8 32. Rc6+ Nf6 33. g5 Rad8 34. gxf6 gxf6 35. d6 Kf5 36. d7 f3 37. Rf7 Rxg2+ 38. Kf1 Rd2 39. Rcxf6+ Kg4 40. Rxf3 R8xd7 41. Rxd7 Rxd7 42. Rf6 Rd2 43. Rxa6 Rxb2 44. Ke1 Kxh4 45. Kd1 Kg4 46. Kc1 Rb4 47. Kc2 Kf4 48. a3 Ra4 49. Rxa4+ bxa4 50. Kc3 Ke3 51. Kb4 Kd4 52. Kxa4 Kc4 53. Ka5 Kc5 54. Ka6 1/2-1/2

[Event "Fagernes Open 2019"]
[Site "Fagernes"]
[Date "2019.04.15"]
[Round "2.30"]
[White "Mansoor, Afras"]
[Black "Ranby, Hans"]
[Result "1-0"]
[ECO "A16"]
[WhiteElo "1965"]
[BlackElo "1787"]
[Annotator "NA"]
[PlyCount "65"]
[EventDate "2019.04.14"]
[EventType "swiss"]
[EventCountry "NOR"]
[SourceTitle "playchess.com"]
[Source "ChessBase"]
[SourceQuality "1"]
[TimeControl "40/7200:3600"]

1. c4 Nf6 2. Nc3 b6 3. e4 e5 4. Nf3 Bb7 5. d3 Nc6 6. g3 Be7 7. Bg2 O-O 8. O-O d6 9. Bh3 Nd4 10. Nxd4 exd4 11. Ne2 c5 12. f4 Qc7 13. g4 Rfe8 14. g5 Nd7 15. Ng3 Rad8 16. Bd2 $16 Qc6 17. Rf2 b5 18. b3 bxc4 19. bxc4 Ba8 20. Qh5 Rb8 21. Raf1 Rb2 22. Be6 Rf8 23. Nf5 Bd8 24. Bd5 Qc8 25. Nxd6 Qb8 26. Bxf7+ Kh8 27. Bg6 h6 28. gxh6 Qxd6 29. hxg7+ Kxg7 30. Qh7+ Kf6 31. e5+ Nxe5 32. fxe5+ Kxe5 33. Re1+ 1-0

[Event "Fagernes Open 2019"]
[Site "Fagernes"]
[Date "2019.04.16"]
[Round "3.27"]
[White "Gundersen, Ingvar"]
[Black "Rasmussen, Jonas H"]
[Result "0-1"]
[ECO "C54"]
[WhiteElo "1896"]
[BlackElo "1993"]
[Annotator "NA"]
[PlyCount "80"]
[EventDate "2019.04.14"]
[EventType "swiss"]
[EventCountry "NOR"]
[SourceTitle "playchess.com"]
[Source "ChessBase"]
[SourceQuality "1"]
[TimeControl "40/7200:3600"]

1. e4 e5 2. Nf3 Nc6 3. d4 exd4 4. Bc4 Bc5 5. c3 Nf6 6. e5 d5 7. Bb5 Ne4 8. Bxc6+ bxc6 9. cxd4 Bb4+ 10. Nbd2 O-O 11. O-O Bg4 12. Qc2 Nxd2 13. Nxd2 Qd7 14. Nb3 Bf5 15. Qd1 Be4 16. f3 Bg6 17. a3 Be7 18. Be3 Rab8 19. Rc1 Rb5 20. a4 Rb6 21. Na5 Bb4 22. Bd2 Bxa5 23. Bxa5 Rxb2 24. Qe1 Rfb8 25. Qc3 h6 26. Qxc6 Qxc6 27. Rxc6 Ra2 28. e6 fxe6 29. Rxe6 Bf5 30. Re7 Rbb2 31. Bxc7 Rxg2+ 32. Kh1 Bh3 33. Rg1 Kf8 34. Ree1 Rgc2 35. Bd6+ Kg8 36. Re8+ Kh7 37. Rb1 Bg2+ 38. Kg1 Bxf3 39. Bg3 Be4 40. Re1 Rg2+ 0-1

[Event "Fagernes Open 2019"]
[Site "Fagernes"]
[Date "2019.04.16"]
[Round "3.28"]
[White "Holand, Per Fredrik"]
[Black "Mansoor, Afras"]
[Result "0-1"]
[ECO "D00"]
[WhiteElo "1849"]
[BlackElo "1965"]
[Annotator "NA"]
[PlyCount "84"]
[EventDate "2019.04.14"]
[EventType "swiss"]
[EventCountry "NOR"]
[SourceTitle "playchess.com"]
[Source "ChessBase"]
[SourceQuality "1"]
[TimeControl "40/7200:3600"]

1. d4 Nf6 2. Bf4 d5 3. e3 c5 4. c3 Nc6 5. Nd2 Bf5 6. Ngf3 Qb6 7. Qb3 c4 8. Qxb6 axb6 9. a3 b5 10. Nh4 Bd7 11. Rc1 h6 12. Nhf3 g5 13. Bg3 Bg7 14. Ne5 Bf5 15. Nxc6 bxc6 16. Be5 Nh5 17. Be2 Bxe5 18. dxe5 Ng7 19. g4 Bd3 20. h4 Kd7 21. Bxd3 cxd3 22. Nf3 c5 23. Kd2 c4 24. hxg5 hxg5 25. Nxg5 Ne6 26. Nxe6 Kxe6 27. f4 Rag8 28. g5 f6 29. exf6 exf6 30. Rxh8 Rxh8 31. Rg1 Rg8 32. b3 fxg5 33. a4 Ra8 34. fxg5 bxa4 35. bxc4 dxc4 36. e4 a3 37. Ke3 a2 38. Ra1 Ke5 39. g6 Kf6 40. Kd4 Kxg6 41. Kxc4 d2 42. Kc5 Rb8 0-1

[Event "Fagernes Open 2019"]
[Site "Fagernes"]
[Date "2019.04.16"]
[Round "3.29"]
[White "Ukkelberg, Oyvind"]
[Black "Unhjem, Bjorn Robert Lovoll"]
[Result "1-0"]
[ECO "A00"]
[WhiteElo "1939"]
[BlackElo "1847"]
[Annotator "NA RC"]
[PlyCount "45"]
[EventDate "2019.04.14"]
[EventType "swiss"]
[EventCountry "NOR"]
[SourceTitle "playchess.com"]
[Source "ChessBase"]
[SourceQuality "1"]
[TimeControl "40/7200:3600"]

1. d3 e5 2. g3 d5 3. Bg2 Nf6 4. Nd2 Bd6 5. h3 O-O 6. e4 c6 7. Ngf3 Be6 8. O-O d4 9. Nc4 Bxc4 10. dxc4 Qa5 11. Qe2 Re8 12. a3 c5 13. Bg5 Nfd7 14. h4 Nf8 15. Bh3 Nc6 16. h5 h6 17. Bd2 Qc7 18. Nh4 Ne6 19. Qg4 Kh8 20. Nf5 Ne7 21. Qf3 Ng8 22. Nxd6 Qxd6 23. Qxf7 1-0

[Event "Fagernes Open 2019"]
[Site "Fagernes"]
[Date "2019.04.16"]
[Round "3.30"]
[White "Ali, Karim"]
[Black "Lundberg, Alf W."]
[Result "0-1"]
[ECO "A04"]
[WhiteElo "1838"]
[BlackElo "1932"]
[Annotator "NA"]
[PlyCount "80"]
[EventDate "2019.04.14"]
[EventType "swiss"]
[EventCountry "NOR"]
[SourceTitle "playchess.com"]
[Source "ChessBase"]
[SourceQuality "1"]
[TimeControl "40/7200:3600"]

1. e4 c5 2. Nf3 d6 3. d3 Nc6 4. g3 g6 5. Bg2 Bg7 6. O-O e5 7. Re1 Nge7 8. c3 O-O 9. a3 a5 10. a4 h6 11. Na3 Be6 12. Nb5 f5 13. d4 cxd4 14. cxd4 fxe4 15. Rxe4 d5 16. Re1 e4 17. Ne5 Nxe5 18. dxe5 Nc6 19. Qb3 Qd7 20. f4 exf3 21. Bxf3 Nxe5 22. Bg2 d4 23. Qa3 Rad8 24. Bf4 Nc4 25. Qd3 g5 26. Bd2 Nxb2 27. Qe4 Bd5 28. Qxd5+ Qxd5 29. Bxd5+ Rxd5 30. Bxa5 Nxa4 31. Bb4 Rf3 32. Nc7 Rd7 33. Ne6 b5 34. Nxg7 Kxg7 35. Rad1 Rb3 36. Re7+ Rxe7 37. Bxe7 Kf7 38. Bd6 d3 39. Kf1 Nb2 40. Re1 d2 0-1

[Event "Fagernes Open 2019"]
[Site "Fagernes"]
[Date "2019.04.18"]
[Round "4"]
[White "Mansoor, Afras"]
[Black "Akdag, Omer Amir"]
[Result "0-1"]
[ECO "A20"]
[WhiteElo "1965"]
[BlackElo "1901"]
[Annotator "NA"]
[PlyCount "138"]
[EventDate "2019.04.14"]
[EventType "swiss"]
[EventCountry "NOR"]
[SourceTitle "playchess.com"]
[Source "ChessBase"]
[SourceQuality "1"]
[TimeControl "40/7200:3600"]

1. c4 e5 2. g3 d5 3. cxd5 Qxd5 4. Nf3 Qa5 5. Nc3 Nf6 6. Bg2 c6 7. O-O Be7 8. d3 O-O 9. Bd2 Qc7 10. Rc1 Bg4 11. b4 a6 12. Qb3 Nbd7 13. Na4 Be6 14. Qb2 b5 15. Nc5 Nxc5 16. bxc5 Nd7 17. d4 Bf6 18. Bc3 exd4 19. Bxd4 Bd5 20. Bxf6 Nxf6 21. Nd4 Qe5 22. Bxd5 Nxd5 23. Qd2 Qf6 24. e4 Rad8 25. e5 Qg6 26. f4 Ne7 27. Rcd1 Rd5 28. f5 Qh5 29. Qf4 Rfd8 30. g4 Qh6 31. g5 Qh5 32. Rd3 h6 33. gxh6 Qxh6 34. Qxh6 gxh6 35. Rg3+ Kh7 36. f6 Ng6 37. Nxc6 Re8 38. Ne7 Rxe5 39. Nxg6 fxg6 40. f7 Rf8 41. c6 Rc5 42. Rf6 g5 43. Rgf3 Kg7 44. Kg2 a5 45. Kg3 b4 46. R6f5 Rxc6 47. Rxa5 Rxf7 48. Rxf7+ Kxf7 49. Rb5 Rc4 50. Rb6 h5 51. h3 Ke7 52. Kf3 Kf7 53. Kg3 Rd4 54. Kf3 Rf4+ 55. Kg3 h4+ 56. Kg2 Rc4 57. Kf3 Ke7 58. Rb5 Kf6 59. Rb6+ Ke7 60. Rb5 Rf4+ 61. Kg2 g4 62. hxg4 Rxg4+ 63. Kh3 Rc4 64. Rb6 Kd7 65. Kg2 Kc7 66. Rh6 Rc2+ 67. Kf1 Rxa2 68. Rxh4 b3 69. Rb4 b2 0-1

[Event "Fagernes Open 2019"]
[Site "Fagernes"]
[Date "2019.04.18"]
[Round "4"]
[White "Lundberg, Alf W."]
[Black "Shehzad, Shazil"]
[Result "1-0"]
[ECO "B31"]
[WhiteElo "1932"]
[BlackElo "2024"]
[Annotator "NA"]
[PlyCount "61"]
[EventDate "2019.04.14"]
[EventType "swiss"]
[EventCountry "NOR"]
[SourceTitle "playchess.com"]
[Source "ChessBase"]
[SourceQuality "1"]
[TimeControl "40/7200:3600"]

1. e4 c5 2. Qf3 Nc6 3. Qg3 g6 4. h4 Nf6 5. d3 d5 6. f3 e6 7. e5 Nd7 8. f4 h5 9. Nf3 Nd4 10. Nxd4 cxd4 11. Qf2 Qc7 12. b3 Bb4+ 13. Bd2 Qxc2 14. Bxb4 Qc1+ 15. Ke2 Qb2+ 16. Kf3 Qxa1 17. Qc2 a5 18. Bd6 f5 19. Be2 Kf7 20. Rc1 Ra6 21. Na3 Qc3 22. Qd1 Qxc1 23. Qxc1 Rc6 24. Qb2 b6 25. Nb5 Ba6 26. Nxd4 Rcc8 27. Ke3 Nc5 28. Nf3 Ke8 29. Ng5 Kd7 30. d4 Bxe2 31. dxc5 1-0

[Event "Fagernes Open 2019"]
[Site "Fagernes"]
[Date "2019.04.18"]
[Round "4"]
[White "Dale, Gunnar Brandshaug"]
[Black "Melaa, Sondre"]
[Result "1/2-1/2"]
[ECO "D36"]
[WhiteElo "1903"]
[BlackElo "1991"]
[Annotator "NA"]
[PlyCount "177"]
[EventDate "2019.04.14"]
[EventType "swiss"]
[EventCountry "NOR"]
[SourceTitle "playchess.com"]
[Source "ChessBase"]
[SourceQuality "1"]
[TimeControl "40/7200:3600"]

1. d4 d5 2. c4 e6 3. Nc3 Nf6 4. Bg5 Be7 5. e3 Nbd7 6. cxd5 exd5 7. Bd3 c6 8. Nf3 h6 9. Bh4 Nh5 10. Bxe7 Qxe7 11. O-O O-O 12. Qc2 Nhf6 13. Rab1 a5 14. a3 Re8 15. Rfc1 h5 16. Na4 g6 17. Nc5 Nxc5 18. Qxc5 Ne4 19. Qxe7 Rxe7 20. Bxe4 Rxe4 21. b4 axb4 22. axb4 Bg4 23. Ne5 Bf5 24. Rb3 f6 25. f3 fxe5 26. fxe4 Bxe4 27. Rb2 exd4 28. exd4 Ra3 29. Rd1 Kf7 30. Rdd2 Ke6 31. b5 Kd6 32. bxc6 bxc6 33. Ra2 Rc3 34. Kf2 c5 35. Ra6+ Kd7 36. dxc5 Rxc5 37. Ke3 Rc6 38. Rxc6 Kxc6 39. Kf4 Kd6 40. Ra2 Ke6 41. Ra6+ Kf7 42. g3 Kg7 43. Ke5 Kf7 44. Ra7+ Kg8 45. Kf6 Bf5 46. Ra8+ Kh7 47. Rd8 Be4 48. Kf7 Kh6 49. h4 Kh7 50. Rg8 d4 51. Rg7+ Kh8 52. Rg8+ Kh7 53. Rg7+ Kh8 54. Kf6 d3 55. Re7 Bf5 56. Re8+ Kh7 57. Rd8 Be4 58. Kf7 Bf5 59. Re8 Bg4 60. Rd8 Bf5 61. Kf8 Kh8 62. Rd4 Kh7 63. Kf7 Kh8 64. Kf6 Kg8 65. Rb4 Kh7 66. Ra4 Kg8 67. Rb4 Kh7 68. Kf7 Bg4 69. Rd4 Bf5 70. Rd5 Be4 71. Rd6 Bf5 72. Rd4 Kh8 73. Kf6 Kh7 74. Rd6 Kh6 75. Rd4 Kh7 76. Rd8 Be4 77. Rc8 Bf5 78. Rb8 Be4 79. Re8 Bf5 80. Ra8 Bg4 81. Rd8 Bf5 82. Rf8 Bg4 83. Rd8 Bf5 84. Rb8 Bg4 85. Rb7+ Kh6 86. Rb8 Kh7 87. Rb7+ Kh6 88. Rb8 Kh7 89. Rb7+ 1/2-1/2

[Event "Fagernes Open 2019"]
[Site "Fagernes"]
[Date "2019.04.18"]
[Round "4"]
[White "Hestvik, Elias"]
[Black "Lobersli, Henrik Oie"]
[Result "1/2-1/2"]
[ECO "C48"]
[WhiteElo "1746"]
[BlackElo "2102"]
[Annotator "NA"]
[PlyCount "81"]
[EventDate "2019.04.14"]
[EventType "swiss"]
[EventCountry "NOR"]
[SourceTitle "playchess.com"]
[Source "ChessBase"]
[SourceQuality "1"]
[TimeControl "40/7200:3600"]

1. e4 e5 2. Nf3 Nc6 3. Nc3 Nf6 4. Bb5 Nd4 5. Nxd4 exd4 6. e5 dxc3 7. exf6 Qxf6 8. dxc3 Qe5+ 9. Qe2 Qxe2+ 10. Kxe2 Bc5 11. Be3 Bxe3 12. Kxe3 O-O 13. Rhe1 c6 14. Bd3 d5 15. c4 Be6 16. cxd5 Bxd5 17. Be4 Rae8 18. Kd3 Be6 19. Kc3 f5 20. Bd3 Kf7 21. Re5 Kf6 22. Rae1 Bd7 23. Rxe8 Rxe8 24. Rxe8 Bxe8 25. f4 Ke6 26. Kd4 Bd7 27. c4 b6 28. b4 Be8 29. c5 b5 30. Bc2 Kf6 31. a4 a6 32. Bd1 Bd7 33. Bc2 Be8 34. axb5 axb5 35. Bd1 Bd7 36. g3 Be8 37. h3 h5 38. g4 hxg4 39. hxg4 fxg4 40. Bxg4 Bf7 41. Bf3 1/2-1/2

[Event "Fagernes Open 2019"]
[Site "Fagernes"]
[Date "2019.04.17"]
[Round "5.27"]
[White "Akdag, Omer Amir"]
[Black "Lundberg, Alf W."]
[Result "0-1"]
[ECO "B72"]
[WhiteElo "1901"]
[BlackElo "1932"]
[Annotator "NA RC"]
[PlyCount "75"]
[EventDate "2019.04.14"]
[EventType "swiss"]
[EventCountry "NOR"]
[SourceTitle "playchess.com"]
[Source "ChessBase"]
[SourceQuality "1"]
[TimeControl "40/7200:3600"]

1. e4 c5 2. Nf3 d6 3. d4 cxd4 4. Nxd4 Nf6 5. Nc3 g6 6. Be3 Bd7 7. f3 Nc6 8. Qd2 a6 9. g4 e6 10. O-O-O b5 11. h4 Qc7 12. h5 Na5 13. hxg6 fxg6 14. Bg5 Be7 15. f4 b4 16. Nb1 Nxe4 17. Qg2 d5 18. Bd3 Nxg5 19. fxg5 Bxg5+ 20. Nd2 Nc4 21. N4f3 Bf4 22. Qh3 O-O-O 23. Kb1 Ne3 24. Rc1 Nc4 25. Rhd1 Bb5 26. Ka1 e5 27. c3 b3 28. axb3 Qa5+ 29. Kb1 Ne3 30. c4 dxc4 31. Bxc4 Kb8 32. Rg1 Bc6 33. Rc3 Nxc4 34. Nxc4 Be4+ 35. Rc2 Bxc2+ 36. Kxc2 Qd5 37. Ne1 Qd1+ 38. Kc3 0-1

[Event "Fagernes Open 2019"]
[Site "Fagernes"]
[Date "2019.04.17"]
[Round "5.28"]
[White "Melaa, Sondre"]
[Black "Rasmussen, Jonas H"]
[Result "0-1"]
[ECO "C77"]
[WhiteElo "1991"]
[BlackElo "1993"]
[Annotator "NA RC"]
[PlyCount "84"]
[EventDate "2019.04.14"]
[EventType "swiss"]
[EventCountry "NOR"]
[SourceTitle "playchess.com"]
[Source "ChessBase"]
[SourceQuality "1"]
[TimeControl "40/7200:3600"]

1. e4 e5 2. Nf3 Nc6 3. Bb5 a6 4. Ba4 b5 5. Bb3 Bb7 6. d3 Nf6 7. Nc3 h6 8. Nd5 Nxd5 9. Bxd5 Qf6 10. c3 Bc5 11. d4 exd4 12. cxd4 Bb4+ 13. Bd2 Bxd2+ 14. Qxd2 O-O 15. O-O Rab8 16. Bxc6 Bxc6 17. Ne5 Rfd8 18. f3 Bb7 19. Rac1 Rbc8 20. b4 Qe6 21. Nd3 d6 22. Qb2 Re8 23. Rfe1 Qf6 24. Rc2 Re7 25. Rec1 c6 26. Qc3 Rce8 27. Nf2 Qg6 28. Qd3 Kh8 29. Rc3 f5 30. h3 fxe4 31. Nxe4 d5 32. Nc5 Qg3 33. Qf1 Re1 34. Rxe1 Rxe1 35. Nxb7 Rxf1+ 36. Kxf1 Qg6 37. Re3 Qb1+ 38. Kf2 Qxa2+ 39. Kg3 Qd2 40. Re8+ Kh7 41. h4 Qxd4 42. h5 Qf6 0-1

[Event "Fagernes Open 2019"]
[Site "Fagernes"]
[Date "2019.04.17"]
[Round "5.29"]
[White "Eliseev, Sergey"]
[Black "Loberg, Jo Kristian"]
[Result "0-1"]
[ECO "B50"]
[WhiteElo "1867"]
[BlackElo "2045"]
[Annotator "NA RC"]
[PlyCount "86"]
[EventDate "2019.04.14"]
[EventType "swiss"]
[EventCountry "NOR"]
[SourceTitle "playchess.com"]
[Source "ChessBase"]
[SourceQuality "1"]
[TimeControl "40/7200:3600"]

1. e4 c5 2. Nf3 d6 3. g3 Nc6 4. Bg2 g6 5. O-O Bg7 6. c3 e5 7. Re1 Nge7 8. a3 a6 9. d3 O-O 10. Be3 h6 11. b4 b6 12. Nh4 Rb8 13. Ra2 Qc7 14. f4 f5 15. exf5 exf4 16. Bxf4 g5 17. Bxg5 hxg5 18. Ng6 Bxf5 19. Nxf8 Rxf8 20. g4 Bg6 21. Re3 Ne5 22. Be4 Rf4 23. Rg2 Qc8 24. Bxg6 N7xg6 25. Qb3+ Kh8 26. Qd5 Rxg4 27. Rh3+ Nh4 28. Rgg3 Qf5 29. Nd2 Qf4 30. Qa8+ Bf8 31. Kh1 Kg7 32. Rxg4 Nxg4 33. Qb7+ Kh6 34. Qd7 Nf2+ 35. Kg1 Nxh3+ 36. Qxh3 Qxd2 37. Qe6+ Ng6 38. Qh3+ Kg7 39. Qd7+ Be7 40. d4 Qe1+ 41. Kg2 Qd2+ 42. Kf1 cxd4 43. cxd4 Qxd4 0-1

[Event "Fagernes Open 2019"]
[Site "Fagernes"]
[Date "2019.04.17"]
[Round "5.30"]
[White "Wright, Haakon"]
[Black "Mansoor, Afras"]
[Result "1-0"]
[ECO "A24"]
[WhiteElo "1849"]
[BlackElo "1965"]
[Annotator "NA RC"]
[PlyCount "91"]
[EventDate "2019.04.14"]
[EventType "swiss"]
[EventCountry "NOR"]
[SourceTitle "playchess.com"]
[Source "ChessBase"]
[SourceQuality "1"]
[TimeControl "40/7200:3600"]

1. c4 Nf6 2. g3 g6 3. Bg2 Bg7 4. Nc3 O-O 5. d3 d6 6. Nf3 e5 7. O-O h6 8. Bd2 Be6 9. Rb1 a6 10. b4 c6 11. a4 Nbd7 12. Ne1 Nh5 13. b5 axb5 14. axb5 Qc7 15. Qc1 Kh7 16. f4 exf4 17. gxf4 f5 18. Nc2 Rad8 19. bxc6 bxc6 20. Nb4 Nb8 21. e3 Nf6 22. Ne2 Qd7 23. Nd4 d5 24. cxd5 Nxd5 25. Nxe6 Qxe6 26. Nxd5 cxd5 27. Qc5 Rd6 28. Rfc1 Nd7 29. Qa7 Rf7 30. Rc7 g5 31. Kf2 d4 32. e4 Ra6 33. exf5 Qd6 34. Qb7 Ra2 35. Ke1 gxf4 36. Be4 Bf6 37. Rbc1 Re7 38. R1c6 Qe5 39. Rxd7 Bh4+ 40. Ke2 f3+ 41. Kxf3 Rxd2 42. Rxe7+ Bxe7 43. f6+ Kg8 44. Qb3+ Kf8 45. Rc8+ Bd8 46. Rxd8+ 1-0